 Dungeon Crawl Stone Soup version 0.19-a0-1384-gbb462ca (webtiles) character file.

35 jacquesderrida the Caller (level 3, -15/24 HPs)
             Began as a Demonspawn Summoner on Sept 3, 2016.
             Demolished by an ogre
             ... wielding a cursed -2 giant spiked club
              (19 damage)
             ... on level 4 of the Dungeon.
             The game lasted 00:03:05 (496 turns).

jacquesderrida the Caller (Demonspawn Summoner)      Turns: 496, Time: 00:03:06

Health: -15/24     AC:  3    Str:  7 (8)  XL:     3   Next: 16%
Magic:  2/6        EV: 12    Int: 19 (22) God:
Gold:   36         SH:  0    Dex: 11 (13) Spells: 2 memorised, 3 levels left

rFire  . . .     SeeInvis .     d - +0 whip
rCold  . . .     Gourm    .     a - +0 robe
rNeg   . . .     Faith    .     (no shield)
rPois  .         Spirit   .     (no helmet)
rElec  .         Dismiss  .     (no cloak)
rCorr  .         Reflect  .     (no gloves)
MR     .....     Harm     .     g - +0 pair of boots
Stlth  ++........               (no amulet)
                                (no ring)
                                (no ring)

@: brilliant, lethally poisoned (-15 -> -23)
A: talons 2
a: no special abilities


You were on level 4 of the Dungeon.
You were not hungry.

You visited 1 branch of the dungeon, and saw 4 of its levels.

You collected 36 gold pieces.

Inventory:

Hand Weapons
 d - a +0 whip (weapon)
Missiles
 e - 7 tomahawks (quivered)
Armour
 a - a +0 robe (worn)
 g - a +0 pair of boots (worn)
Wands
 f - a wand of flame (2/48)
Books
 b - a book of Callings

   Spells                             Type                      Level
   a - Summon Small Mammal            Summoning                    1
   b - Call Imp                       Summoning                    2
   c - Call Canine Familiar           Summoning                    3
   d - Summon Guardian Golem          Hexes/Summoning              3
   e - Summon Lightning Spire         Summoning/Air                4
   f - Summon Ice Beast               Ice/Summoning                4
Comestibles
 c - a bread ration
 i - a meat ration


   Skills:
 - Level 1.7 Dodging
 - Level 1.7 Stealth
 - Level 2.0 Spellcasting
 + Level 5.1 Summonings


You had 3 spell levels left.
You knew the following spells:

 Your Spells              Type           Power        Failure   Level  Hunger
a - Summon Small Mammal   Summ           ####         1%          1    #......
b - Call Imp              Summ           ####....     1%          2    ###....


Dungeon Overview and Level Annotations

Branches:
Dungeon (4/15)
 Temple: D:4-7

Altars:


Innate Abilities, Weirdness & Mutations

You have razor-sharp toenails.


Message History

It was a potion of brilliance.
You feel clever all of a sudden.
* * * LOW HITPOINT WARNING * * *
You feel sick. The ogre barely misses you.
It was a potion of degeneration.
There was something very wrong with that liquid.
You feel weakened.
You feel dopey.
You feel clumsy. The ogre closely misses you.
Unknown command.
Evoke which item? (* to show all) (? for menu, Esc to quit)
Zapping:
f - a wand of flame {zapped: 19} (will waste charges)
Press: ? - help, Shift-Dir - straight line The puff of flame hits the ogre.
The ogre is severely wounded.
Evoking this partially-identified wand wasted a few charges.
* * * LOW HITPOINT WARNING * * *
You feel sick.
The ogre hits you with a giant spiked club!!
Ouch! That really hurt!
You die...

###########
####...5O@...#
#....#######.#
#.#### #.# #a#
#O# #.# #.# ..
#.# ###..# .#
#.# ...%# .#


You could see an ogre and a friendly crimson imp.

Vanquished Creatures
  A worker ant (D:4)
  A giant gecko (D:4)
  A hobgoblin (D:3)
  A quokka (D:2)
  A bat (D:3)
  A kobold (D:3)
6 creatures vanquished.

Vanquished Creatures (collateral kills)
  A dart slug (D:2)
  2 goblins
  A hobgoblin (D:2)
  A giant newt (D:2)
  A rat (D:2)
6 creatures vanquished.

Grand Total: 12 creatures vanquished

Notes
Turn   | Place    | Note
-------+----------+-------------------------------------------
     0 | D:1      | jacquesderrida the Demonspawn Summoner began the quest for the Orb.
     0 | D:1      | Reached XP level 1. HP: 13/13 MP: 3/3
   375 | D:3      | Gained mutation: You have sharp toenails. [demonic ancestry]
   375 | D:3      | Reached XP level 2. HP: 16/19 MP: 0/5
   404 | D:4      | Learned a level 2 spell: Call Imp
   435 | D:4      | Noticed an ogre
   493 | D:4      | Reached skill level 5 in Summonings
   493 | D:4      | Gained mutation: You have razor-sharp toenails. [demonic ancestry]
   493 | D:4      | Reached XP level 3. HP: 6/24 MP: 1/6
   496 | D:4      | Demolished by an ogre

Vault maps used:
D:1:      dpeg_arrival_three_same_balls
D:2:      marbit_many_paths, ecumenical_altar_2
D:3:      uniq_grinder

Skill      XL: |  1  2 |
---------------+-------+-----
Summonings     | 5 |  5.1
Dodging        | |  1.7
Stealth        | |  1.7
Spellcasting   | |  2.0

Action                   || total
-------------------------++-------
Melee: Whip              ||    13
 Cast: Summon Small Mamm ||    16
       Call Imp          ||     3
Evoke: Wand              ||     8
  Use: Potion            ||     2
Armor: Robe              ||    11
Dodge: Dodged            ||    32
